 Dungeon Crawl Stone Soup version 0.27-a0-1579-g97d2440184 (webtiles) character file.

Game seed: 13526542595969572509

650 dolemite99 the Cleaver (level 7, -3/61 HPs)
             Began as a Minotaur Fighter on July 18, 2021.
             Was a Follower of Ashenzari.
             Splashed by a jelly's acid (11 damage)
             ... on level 4 of the Dungeon.
             The game lasted 00:05:07 (4656 turns).

dolemite99 the Cleaver (Minotaur Fighter)           Turns: 4656, Time: 00:05:09

Health: -3/61      AC:  1    Str: 23    XL:     7   Next: 28%
Magic:  6/6        EV:  6    Int:  5    God:    Ashenzari [*.....]
Gold:   182        SH: 10    Dex:  9    Spells: 6/6 levels left

rFire    . . .     SeeInvis .   a - +1 war axe
rCold    . . .     Faith    .   c - +0 kite shield "Bound Fetters" {Self, Alch} (curse)
rNeg     . . .     Spirit   .   i - +0 chain mail of Ouranomancy {Self, Fort} (curse)
rPois    .         Reflect  .   (helmet restricted)
rElec    .         Harm     .   (no cloak)
rCorr    .         Rampage  .   (no gloves)
Will     .....                  (no boots)
Stlth    ..........             (no amulet)
HPRegen  0.20/turn              (no ring)
MPRegen  0.10/turn              (no ring)

@: corroded
A: horns 2, retaliatory headbutt
a: Renounce Religion, Curse Item, Shatter the Chains


You were on level 4 of the Dungeon.
You worshipped Ashenzari.
Ashenzari was aware of your devotion.
You visited 2 branches of the dungeon, and saw 6 of its levels.

You collected 182 gold pieces.

Inventory:

Hand Weapons
 a - a +1 war axe (weapon)
 l - a +0 hunting sling
 q - a +0 hand crossbow
Missiles
 g - 30 sling bullets
 h - a throwing net
 m - 27 arrows
 n - 133 stones
 p - 31 poisoned darts (quivered)
 r - 34 bolts
Armour
 b - a +0 scale mail
 c - the cursed +0 kite shield "Bound Fetters" (worn) {Self, Alch}

   It has a curse which improves the following skills: Introspection: Fighting
   and Spellcasting.
   Alchemy:   Poison Magic and Transmutations.
 f - a +1 hat
 i - the cursed +0 chain mail of Ouranomancy (worn) {Self, Fort}
   (You found it on level 1 of the Dungeon)

   It has a curse which improves the following skills: Introspection: Fighting
   and Spellcasting.
   Fortitude: Armour and Shields.
 o - a +0 pair of gloves
Wands
 t - a wand of flame (15)
Scrolls
 u - a scroll of vulnerability
 v - a scroll of fear
 w - a scroll of teleportation
Potions
 d - 2 potions of flight
 e - a potion of cancellation
 j - 2 potions of brilliance
 k - a potion of might


   Skills:
 - Level 4.0(5.5) Fighting
 + Level 9.3 Axes
 - Level 4.0(5.0) Armour
 - Level 4.0(5.0) Shields


You had 6 spell levels left.
You didn't know any spells.
Your spell library contained the following spells:

 Spells                   Type           Power      Damage    Failure   Level
 Static Discharge         Conj/Air       0%         N/A       100%        2
 Dispel Undead            Necr           0%         3d6       100%        4
 Sticky Flame             Conj/Fire      0%         2d3       100%        4


Dungeon Overview and Level Annotations

Branches:
Dungeon (5/15)             Temple (1/1) D:4

Altars:
Ashenzari
Cheibriados
Dithmenos
Elyvilon
Fedhas
Hepliaklqana
Kikubaaqudgha
Makhleb
Nemelex Xobeh
Okawaru
Qazlal
Ru
Sif Muna
Trog
Uskayaw
Vehumet
Wu Jian
Xom
Yredelemnul
Zin
The Shining One

Annotations:
D:3 3 runed translucent doors, Rallik's ghost, amateur KoHu


Innate Abilities, Weirdness & Mutations

You have a pair of horns on your head.
You reflexively headbutt those who attack you in melee.


Message History

You closely miss the hound.
The hound is heavily wounded.
The hound barely misses you. You furiously retaliate!
You headbutt the hound. You block the hound's attack.
You hit the hound but do no damage.
The hound is severely wounded.
You block the hound's attack. The hound bites you.
You slash the hound!
You kill the hound!
Items here: )) [ †.
You start resting.
HP restored.
You start waiting.
Done waiting.
There is a stone staircase leading down here.
You climb downwards.
The centaur zombie hits you but does no damage.
The centaur zombie kicks you but does no damage.
The jelly hits you. The acid corrodes you!
You are splashed with acid.
The ogre closely misses you. The scorpion zombie hits you.
You block the centaur zombie's attack.
The centaur zombie kicks you but does no damage.
You block the jelly's attack.
There is a stone staircase leading up, spattered with blood here.
The centaur zombie hits you. The centaur zombie barely misses you.
You block the scorpion zombie's attack.
The orc priest hits you from afar with a +0 trident!
The ogre hits you with a +0 giant spiked club!!
Ouch! That really hurt!
* * * LOW HITPOINT WARNING * * *
You block the jelly's attack.
You climb upwards.
There is a stone staircase leading down here.
You feel better.
The ogre hits you with a +0 giant spiked club!
* * * LOW HITPOINT WARNING * * *
The jelly hits you.
* * * LOW HITPOINT WARNING * * *
The acid corrodes you!
You are splashed with acid!
You die...

#.#.####.###.#.#...........#.#
...............###########.#.#
#.##.###.###.### #.#.####
#.##.# #.# #.# #.#.....
#.##)###.###.##### #.######
...#.#...........# #.#
#..#.#.#.###.###.# #.#
#..#.#.#.# #.# #J# #.#
...#.#.#.###.# #@# #.#
.............# #O# #.# ###
.#.########### #.# #.# #..
.#.# #.# #.# #.# .#.###### #.#
#)####.# ..#.....# #)#
#.....#. .#.####.# #.#
######.# ...####.# #.#
######.# ........# #.#
#......#


You could see an ogre and a jelly.

Vanquished Creatures
  Sigmund (D:4)
  Duvessa (D:4)
  Dowan (D:4)
  2 hounds (D:4)
  An orc priest (D:3)
  An iguana (D:4)
  Natasha (D:4)
  An orc wizard (D:3)
  Robin (D:4)
  6 adders
  2 worms
  A dart slug (D:1)
  8 orcs
  4 bats
  6 endoplasms
  6 giant cockroaches
  13 goblins
  6 hobgoblins
  2 jackals (D:2)
  11 kobolds
  5 quokkas
  9 ball pythons
  A frilled lizard (D:1)
  3 rats
93 creatures vanquished.

Notes
Turn   | Place    | Note
-------+----------+-------------------------------------------
     0 | D:1      | dolemite99 the Minotaur Fighter began the quest for the
                  | Orb.
     0 | D:1      | Reached XP level 1. HP: 19/19 MP: 0/0
     3 | D:1      | Noticed an electric eel
     4 | D:1      | Noticed an electric eel
    74 | D:1      | Found a faded altar of an unknown god.
    86 | D:1      | Became a worshipper of Ashenzari the Shackled
   143 | D:1      | Reached XP level 2. HP: 17/28 MP: 1/1
   992 | D:2      | Reached skill level 3 in Axes
   999 | D:2      | Reached XP level 3. HP: 34/34 MP: 2/2
  1106 | D:2      | Reached skill level 4 in Axes
  1465 | D:2      | Reached XP level 4. HP: 41/41 MP: 3/3
  1672 | D:3      | Reached skill level 5 in Axes
  1677 | D:3      | Reached XP level 5. HP: 23/47 MP: 4/4
  2059 | D:3      | Reached * piety under Ashenzari
  2214 | D:3      | Found a runed translucent gate.
  2214 | D:3      | Found a runed translucent gate.
  2214 | D:3      | Found a runed translucent gate.
  2272 | D:3      | Noticed Rallik's ghost (amateur KoHu)
  2441 | D:4      | Reached skill level 6 in Axes
  2580 | D:4      | Noticed Dowan
  2581 | D:4      | Noticed Duvessa
  2606 | D:4      | Killed Duvessa
  2607 | D:4      | Reached skill level 7 in Axes
  2607 | D:4      | Reached XP level 6. HP: 33/56 MP: 5/5
  2611 | D:4      | Killed Dowan
  3213 | D:4      | Found a staircase to the Ecumenical Temple.
  3213 | D:4      | Noticed Robin
  3235 | D:4      | Killed Robin
  3253 | D:4      | Noticed Sigmund
  3282 | D:4      | Killed Sigmund
  3283 | D:4      | Reached skill level 8 in Axes
  3283 | D:4      | Reached XP level 7. HP: 15/61 MP: 6/6
  3630 | Temple   | Entered the Ecumenical Temple
  4062 | D:4      | Identified the +1 robe of Oblivion {rCorr}
  4126 | D:4      | Noticed Natasha
  4128 | D:4      | Killed Natasha
  4129 | D:4      | Reached skill level 9 in Axes
  4356 | D:5      | Entered Level 5 of the Dungeon
  4656 | D:4      | Splashed by a jelly's acid

Illustrated notes

Levels and vault maps discovered:
D:1:      arrival_aquarium_b, layout_basic, hellmonk_ecumenical_altar_run_dry
D:2:      layout_rooms, minmay_ruptured
D:3:      cheibrodos_pilgrimage, layout_rooms, gammafunk_ghost_icy
D:4:      layout_loops_ring, minmay_temple_entry_nine_rooms, uniq_natasha,
          uniq_sigmund, uniq_robin, uniq_duvessa
D:5:      minmay_clustersquares, layout_cave_pools
Temple:   compressed_dpeg_triangle_lava_temple

Skill      XL: |  1  2  3  4  5  6  7 |
---------------+----------------------+-----
Fighting       | 4 |  4.0
Armour         | 4 |  4.0
Shields        | 4 |  4.0
Axes           | 3 4 5 7 8 9 |  9.3

Action                   |  1- 3 |  4- 6 |  7- 9 || total
-------------------------+-------+-------+-------++-------
Melee: War axe           |    93 |   107 |    18 ||   218
       Headbutt          |     7 |    19 |     1 ||    27
Throw: Boomerang         |     4 |       |       ||     4
       Dart              |       |     7 |       ||     7
Invok: Curse Item        |     1 |     1 |       ||     2
  Use: Potion            |       |     6 |     1 ||     7
       Scroll            |       |     1 |       ||     1
Armor: Scale mail        |     5 |       |       ||     5
       Chain mail        |    62 |    51 |    12 ||   125
Dodge: Dodged            |    25 |    25 |    12 ||    62
Block: Kite shield       |    56 |    49 |    15 ||   120

Table legend: (Time is in decaauts)
 A = Elapsed time spent in this place.
 B = Non-inter-level travel time spent in this place.
 C = Inter-level travel time spent in this place.
 D = Time resting spent in this place.
 E = Time spent auto-exploring this place.
 F = Levels seen in this place.
 G = Mean time per level.
                   A        B        C        D        E       F      G
               +--------+--------+--------+--------+--------+-----+--------+
         Total |   4759 |   4689 |     70 |   1575 |   2269 |   6 |  793.2 |
       Dungeon |   4359 |   4299 |     60 |   1575 |   1881 |   5 |  871.8 |
        Temple |    399 |    389 |     10 |      0 |    388 |   1 |  399.0 |
               +--------+--------+--------+--------+--------+-----+--------+

Top non-repeatable levels by time:
     D:4: 1838 daAuts
     D:2: 857 daAuts
     D:3: 828 daAuts
     D:1: 826 daAuts
  Temple: 399 daAuts
     D:5: 7 daAuts
